 Dungeon Crawl Stone Soup version 0.31-a0-1300-gb6740aa4e6 (webtiles) character file.

Game seed: 6061809149770783788

119731 whatisthis the Basher (level 16, -5/255 HPs)
             Began as a Troll Berserker on Dec 18, 2023.
             Was a High Priest of Trog.
             Slain by a harpy (12 damage)
             ... on level 2 of the Shoals.
             The game lasted 02:03:38 (28181 turns).

whatisthis the Basher (Troll Berserker)            Turns: 28181, Time: 02:03:39

Health: -5/255     AC: 11    Str: 33    XL:     16   Next: 28%
Magic:  15/15      EV:  9    Int:  5    God:    Trog [*****.]
Gold:   2100       SH: 19    Dex:  9    Spells: 15/15 levels left

rFire   + . .        P - +9 morningstar (heavy)
rCold   + + .        x - +2 kite shield
rNeg    . . .        H - +1 robe {rC+}
rPois   .            Q - +2 hat {SInv}
rElec   .            U - scarf {rC+ rF+}
rCorr   .            (gloves unavailable)
SInv    +            (boots unavailable)
Will    +++..        E - amulet of reflection Stlth
                     A - +4 ring of protection
HPRegen 2.42/turn    k - ring of flight
MPRegen 0.14/turn

%: reflection
@: berserking, strong-willed (expiring), flying, regenerating (expiring), very
quick
A: large, unfitting armour, claws 3, regeneration 1, shaggy fur 1, tough skin 1
a: Renounce Religion, Berserk, Trog's Hand, Brothers in Arms


You were on level 2 of the Shoals.
You worshipped Trog.
Trog was extremely pleased with you.
You visited 4 branches of the dungeon, and saw 24 of its levels.
You also visited: Bailey, Gauntlet and Ice Cave.

You collected 2704 gold pieces.
You spent 604 gold pieces at shops.

Inventory:

Hand Weapons
 L - a +6 eveningstar of flaming
 N - a +1 demon whip of venom
 P - a +9 heavy morningstar (weapon)
Missiles
 f - 64 stones
 z - 7 throwing nets
 G - 25 poisoned darts
 O - 4 boomerangs
 S - 45 large rocks (quivered)
 V - 3 javelins
Armour
 v - a +0 kite shield of cold resistance
 x - a +2 kite shield (worn)
 H - a +1 robe of cold resistance (worn)
 Q - a +2 hat of see invisible (worn)
 U - a scarf of resistance (worn)
Jewellery
 b - a +5 ring of evasion
 k - a ring of flight (right claw)
 y - a ring of positive energy
 A - a +4 ring of protection (left claw)
 E - an amulet of reflection (around neck)
 F - a +5 ring of evasion
 T - a +4 ring of protection
Wands
 p - a wand of charming (26)
 r - a wand of polymorph (38)
 K - a wand of digging (12)
 R - a wand of mindburst (26)
 Z - a wand of flame (11)
Scrolls
 a - 2 scrolls of immolation
 d - 2 scrolls of fear
 e - 3 scrolls of noise
 g - 8 scrolls of teleportation
 h - 2 scrolls of silence
 i - a scroll of butterflies
 j - 7 scrolls of blinking
 m - 4 scrolls of revelation
 n - 4 scrolls of vulnerability
 o - 2 scrolls of identify
 q - 2 scrolls of brand weapon
 s - 3 scrolls of torment
 B - 3 scrolls of enchant armour
 X - a scroll of fog
Potions
 c - a potion of might
 l - 2 potions of enlightenment
 t - 2 potions of magic
 w - a potion of resistance
 C - a potion of ambrosia
 D - 4 potions of heal wounds
 I - 3 potions of invisibility
 J - 3 potions of curing
 M - 4 potions of lignification
 W - 3 potions of attraction
 Y - 3 potions of berserk rage


   Skills:
 + Level 13.6 Fighting
 + Level 14.7 Maces & Flails
 + Level 12.1 Throwing
 - Level 3.0 Dodging
 + Level 14.1 Shields


You had 15 spell levels left.
You didn't know any spells.
Your spell library was empty.

Dungeon Overview and Level Annotations

Branches:
Dungeon (15/15)            Temple (0/1) D:5            Lair (5/5) D:11
 Shoals (2/4) Lair:3       Spider (0/4) Lair:2        Slime (0/5) Lair:5
    Orc (2/2) D:11            Elf (0/3) Orc:2        Vaults (0/5) D:14
 Depths (0/4) D:15         Bailey (visited)           IceCv (visited)
Gauntlet (visited)

Altars:
Dithmenos
Makhleb
Nemelex Xobeh
Qazlal
Sif Muna
Wu Jian
Xom
Yredelemnul
Zin
Jiyva
Lugonu

Shops:
D:5 :   D:7 :   D:15 ?   Orc:2 *:[(

Portals:
Abyss: Shoals:1

Annotations:
D:15 Roxanne
Shoals:1 1 runed translucent door


Innate Abilities, Weirdness & Mutations

You are too large for most types of armour.
You have claws for hands.
Your natural rate of healing is unusually fast.
You are covered in fur. (AC +1)
You have tough skin. (AC +1)


Message History

* * * LOW HITPOINT WARNING * * *
You impale the harpy!!
You feel the power of Trog in you as your rage grows.
You kill the harpy!
Trog accepts your kill.
You feel the effects of Trog's Hand fading.
You block the harpy's attack. x2
The faun points at you and mumbles some strange words.
You resist with almost no effort. You block the harpy's attack.
The harpy claws you.
* * * LOW HITPOINT WARNING * * *
The harpy claws you but does no damage. The harpy claws you.
* * * LOW HITPOINT WARNING * * *
You bludgeon the harpy!!
The harpy is severely wounded.
The harpy closely misses you. You block the harpy's attack. x3
The faun shoots a sling bullet.
The sling bullet hits you!
* * * LOW HITPOINT WARNING * * *
The harpy claws you!
* * * LOW HITPOINT WARNING * * *
The harpy claws you.
* * * LOW HITPOINT WARNING * * *
You are too berserk!
You bludgeon the harpy!!
The harpy is heavily wounded.
You block the harpy's attack. The harpy closely misses you.
You block the harpy's attack. The harpy claws you but does no damage.
The faun shoots a sling bullet.
The sling bullet barely misses you. The harpy closely misses you.
The harpy claws you but does no damage. You block the harpy's attack.
The harpy claws you but does no damage.
You hit the harpy.
The harpy is severely wounded.
You block the harpy's attack. x3; The harpy claws you!
* * * LOW HITPOINT WARNING * * *
The harpy claws you.
* * * LOW HITPOINT WARNING * * *
The harpy claws you.
* * * LOW HITPOINT WARNING * * *
The harpy claws you!
You die...

~...~~~~..~~~..#
H...~~.....~..#
!..~~.........###
..~.....##......# .
.........#...## ..
#.........<...##...
#.....~~~~......^~~
#.......~~~†.....~~
?.....#..c~@H.~~~~.
......##.~H.H.~~~~^
.........~..~.~~≈~.
..~~...~(~~~~~~≈~~
~~~~~~~~~~~~~≈≈≈≈~
~~~~~~~≈≈≈≈≈≈≈≈≈≈~
~~~≈≈≈≈≈≈≈≈≈≈≈≈≈≈≈
~..~≈≈≈≈≈≈~~~~~~~~
~~..~≈~...~(~~...


You could see a faun and 3 harpies.

Vanquished Creatures
  Rupert (D:15)
  Gastronok (D:11)
  An orc warlord (Orc:2)
  Nessos (Lair:3)
  A quicksilver dragon zombie (D:15)
  Snorg (Lair:3)
  7 hydras
  A green death (Gauntlet)
  7 vault guards
  An entropy weaver (shapeshifter) (D:13)
  3 centaur warriors
  A merfolk avatar (Shoals:2)
  3 boulder beetles
  An alligator snapping turtle (Shoals:1)
  A sphinx skeleton (D:15)
  A merfolk aquamancer (Shoals:1)
  2 satyrs (Shoals:1)
  6 death yaks (Lair:5)
  A tengu warrior (D:15)
  6 two-headed ogres
  A hell hog (Lair:5)
  An orc high priest (Orc:2)
  Amaemon (D:9)
  2 skeletal warriors
  A skyshark (Shoals:1)
  A flayed ghost (D:15)
  A storm dragon skeleton (D:15)
  4 lindwurms
  4 orc knights
  4 harpies
  A necromancer (D:15)
  3 deep elf pyromancers
  Pikel (D:5)
  16 ugly things
  An orc sorcerer (Orc:2)
  7 manticores
  9 cyclopes
  A worldbinder (Gauntlet)
  7 fauns (Shoals:1)
  4 elephants
  2 apocalypse crabs (Shoals:1)
  A black mamba (shapeshifter) (D:13)
  5 kobold blastminers
  2 ice statues (IceCv)
  4 molten gargoyles
  7 black mambas
  2 orange demons
  A torpor snail (Lair:2)
  12 cane toads
  2 unseen horror zombies (D:9)
  An unseen horror (D:12)
  An efreet (D:15)
  10 komodo dragons
  4 rime drakes
  3 kobold demonologists
  A tengu conjurer (D:15)
  Grinder (D:3)
  9 polar bears
  8 trolls
  9 merfolk
  A wind drake (Shoals:1)
  21 blink frogs
  A hornet (Lair:4)
  2 snapping turtles (Shoals:1)
  10 dream sheep
  13 slime creatures
  6 water elementals
  8 wyverns
  4 wraiths
  A basilisk (shapeshifter) (D:14)
  2 wargs (Orc:2)
  39 yaks
  6 basilisks
  3 steam dragons (Lair:5)
  A death yak simulacrum (IceCv)
  Menkaure (D:6)
  9 vampire mosquitoes
  2 acid dragons
  9 water moccasins
  6 swamp worms
  4 hell hounds (Lair:5)
  22 orc warriors
  2 black bears
  2 ice beasts (D:5)
  A sky beast (D:8)
  A boggart (Gauntlet)
  10 ogres
  40 wolves
  6 centaurs
  A phantom (D:6)
  4 lemures
  A kobold brigand (D:9)
  A gnoll sergeant (D:11)
  11 bullfrogs
  2 necrophages (D:9)
  5 scorpions
  10 wights
  An elephant simulacrum (IceCv)
  6 killer bees (D:7)
  10 electric eels
  2 centaur zombies (D:9)
  8 howler monkeys
  5 lava snakes (Lair:5)
  A human zombie (D:9)
  7 hounds
  8 orc priests
  2 gnoll boudas
  13 jellies
  2 iguanas (D:5)
  4 sleepcaps
  16 orc wizards
  A polar bear simulacrum (IceCv)
  A killer bee zombie (D:9)
  2 wolf simulacra (IceCv)
  2 mummies (D:9)
  13 gnolls
  10 adders
  A shadow imp (D:6)
  3 white imps
  2 worms (Lair:2)
  3 dart slugs
  57 orcs
  5 endoplasms
  8 giant cockroaches
  3 goblins
  7 hobgoblins
  8 kobolds
  3 quokkas
  6 ball pythons
  6 bats
  A frilled lizard (D:1)
  6 rats
703 creatures vanquished.

Vanquished Creatures (collateral kills)
  A minotaur (Gauntlet)
  Fannar (Lair:3)
  A vault guard (D:14)
  A hell hog (Lair:5)
  An orc high priest (Orc:2)
  An orc knight (Orc:2)
  A deep elf pyromancer (Bailey)
  An orc sorcerer (Orc:2)
  An ugly thing (IceCv)
  A guardian serpent (D:15)
  2 komodo dragons (Lair:5)
  2 yaks (Lair:2)
  A basilisk (Lair:5)
  3 orc warriors
  A boggart (Gauntlet)
  5 wolves (Lair:3)
  An orc priest (Orc:2)
  A jelly (Lair:5)
  An orc wizard (Orc:2)
  2 orcs
29 creatures vanquished.

Vanquished Creatures (others)
  An orc wizard (Orc:2)
1 creature vanquished.

Grand Total: 733 creatures vanquished

Notes
Turn   | Place    | Note
-------+----------+-------------------------------------------
     0 | D:1      | whatisthis the Troll Berserker began the quest for the Orb.
     0 | D:1      | Reached XP level 1. HP: 22/22 MP: 0/0
    72 | D:1      | Reached XP level 2. HP: 29/29 MP: 1/1
   357 | D:1      | Reached ** piety under Trog
   487 | D:2      | Reached XP level 3. HP: 36/36 MP: 2/2
  1449 | D:3      | Reached XP level 4. HP: 45/45 MP: 3/3
  1642 | D:3      | Found a faded altar of an unknown god.
  1813 | D:3      | Found a shadowy altar of Dithmenos.
  1816 | D:3      | Found a sparkling altar of Nemelex Xobeh.
  1830 | D:3      | Reached XP level 5. HP: 53/53 MP: 4/4
  1908 | D:3      | Noticed Grinder
  1951 | D:3      | Paralysed by Grinder for 5 turns
  2119 | D:3      | Paralysed by Grinder for 5 turns
  2138 | D:3      | Paralysed by Grinder for 4 turns
  2152 | D:3      | Paralysed by Grinder for 2 turns
  2617 | D:4      | Found a burning altar of Makhleb.
  2677 | D:5      | Entered Level 5 of the Dungeon
  2702 | D:5      | Noticed a lemure
  2702 | D:5      | Noticed Pikel
  2901 | D:5      | HP: 1/54 [orc/+0 hand axe of electrocution (5)]
  2964 | D:5      | Noticed an ice beast
  3044 | D:5      | Killed an ice beast
  3045 | D:5      | Reached skill level 1 in Shields
  3045 | D:5      | Reached XP level 6. HP: 62/62 MP: 5/5
  3125 | D:5      | Found Reyk's Tiny Tomes.
  3138 | D:5      | Noticed an ice beast
  3146 | D:5      | Killed an ice beast
  3301 | D:4      | Reached skill level 5 in Maces & Flails
  3301 | D:4      | Reached XP level 7. HP: 32/71 MP: 6/6
  3394 | D:5      | Killed Pikel
  3395 | D:5      | Reached skill level 5 in Fighting
  3534 | D:5      | Found a staircase to the Ecumenical Temple.
  3557 | D:5      | Reached XP level 8. HP: 77/80 MP: 7/7
  3751 | D:6      | Found an ornate altar of the Wu Jian Council.
  4256 | D:6      | Noticed Menkaure
  4279 | D:6      | Killed Menkaure
  5091 | D:5      | Reached skill level 5 in Shields
  5283 | D:6      | Found a glowing silver altar of Zin.
  5328 | D:7      | Found a flagged portal.
  5397 | D:6      | Reached XP level 9. HP: 58/91 MP: 8/8
  5646 | D:7      | Identified the +1 robe of Yesterday {+Inv rN+++ Dex-5
                  | Stlth-}
  5678 | D:7      | Reached *** piety under Trog
  5860 | Bailey   | Entered a bailey
  6258 | Bailey   | HP: 1/93 [orc warrior/+0 bardiche (20)]
  6329 | Bailey   | Found a large runed translucent door.
  6329 | Bailey   | Found a large runed translucent door.
  6330 | Bailey   | Noticed a deep elf pyromancer
  6345 | Bailey   | Noticed an orc knight
  6373 | Bailey   | Killed a deep elf pyromancer
  6474 | Bailey   | Killed an orc knight
  6475 | Bailey   | Reached XP level 10. HP: 91/102 MP: 9/9
  7620 | D:7      | Found Imuoci's Book Shoppe.
  8761 | D:9      | Noticed Amaemon
  8761 | D:9      | Noticed an orange demon
  8810 | D:8      | Killed an orange demon
  8811 | D:8      | Reached skill level 1 in Throwing
  8838 | D:9      | Killed Amaemon
  8929 | D:9      | Reached **** piety under Trog
  9006 | D:9      | Found a basalt altar of Yredelemnul.
  9107 | D:9      | Found a stormy altar of Qazlal.
  9408 | D:10     | Entered Level 10 of the Dungeon
  9420 | D:10     | Noticed a two-headed ogre
  9437 | D:10     | Killed a two-headed ogre
  9438 | D:10     | Reached XP level 11. HP: 113/113 MP: 10/10
  9669 | D:10     | Noticed a sun demon
 10202 | D:11     | Noticed a boulder beetle
 10217 | D:11     | Killed a boulder beetle
 10473 | D:11     | Reached ***** piety under Trog
 10597 | D:11     | Noticed Gastronok
 10613 | D:11     | Killed Gastronok
 10614 | D:11     | Reached skill level 10 in Maces & Flails
 10726 | D:11     | Found a shimmering altar of Xom.
 10727 | D:11     | Found a shimmering altar of Xom.
 10825 | D:11     | Found a staircase to the Lair.
 10834 | D:11     | Noticed a two-headed ogre
 10844 | D:11     | Killed a two-headed ogre
 11137 | D:11     | Reached skill level 5 in Throwing
 11233 | D:11     | Found a staircase to the Orcish Mines.
 11744 | D:12     | Found a gate leading to a gauntlet.
 11753 | Gauntlet | Entered a Gauntlet
 11753 | Gauntlet | Found a transporter.
 11753 | Gauntlet | Found a transporter.
 11766 | Gauntlet | Found a transporter.
 11780 | Gauntlet | Found a large runed translucent door.
 11781 | Gauntlet | Found a large runed translucent door.
 11782 | Gauntlet | Found a large runed translucent door.
 11782 | Gauntlet | Found a large runed translucent door.
 11782 | Gauntlet | Found a large runed translucent door.
 11782 | Gauntlet | Found a large runed translucent door.
 11782 | Gauntlet | Found a large runed translucent door.
 11782 | Gauntlet | Found a large runed translucent door.
 11783 | Gauntlet | Found a runed translucent door.
 11783 | Gauntlet | Found a runed translucent gate.
 11784 | Gauntlet | Found a transporter.
 11784 | Gauntlet | Found a runed translucent gate.
 11784 | Gauntlet | Found a transporter.
 11784 | Gauntlet | Found a transporter.
 11786 | Gauntlet | Found a transporter.
 11786 | Gauntlet | Found a transporter.
 11799 | Gauntlet | Found a transporter.
 11801 | Gauntlet | Noticed a hell hog
 11807 | Gauntlet | Found the +3 hat of Pondering {ponderous, Will+ MP+10
                  | Int+5}
 11815 | Gauntlet | Found a transporter.
 11824 | Gauntlet | Noticed a green death
 11825 | Gauntlet | Found a transporter.
 11842 | Gauntlet | Found a transporter.
 11851 | Gauntlet | Found a large runed translucent door.
 11852 | Gauntlet | Found a large runed translucent door.
 11853 | Gauntlet | Found a large runed translucent door.
 11853 | Gauntlet | Found a large runed translucent door.
 11853 | Gauntlet | Found a large runed translucent door.
 11853 | Gauntlet | Found a large runed translucent door.
 11854 | Gauntlet | Found a large runed translucent door.
 11854 | Gauntlet | Found a large runed translucent door.
 11854 | Gauntlet | Found a runed translucent gate.
 11854 | Gauntlet | Found a runed translucent door.
 11859 | Gauntlet | Found a transporter.
 11871 | Gauntlet | Found a transporter.
 11923 | Gauntlet | Identified the +2 pair of boots "Ulyman" {Will+ Slay+3}
 11974 | Gauntlet | Noticed a goliath frog
 12039 | Gauntlet | Killed a green death
 12040 | Gauntlet | Reached XP level 12. HP: 126/126 MP: 11/11
 12083 | Gauntlet | Identified the ring of Syteful {Fly rF- rCorr Int+3 Dex+3}
 12107 | Gauntlet | Identified the staff "Satutz" {rN+++ Will- Str-3 Conj Tloc}
 12125 | Gauntlet | Noticed a minotaur
 12128 | Gauntlet | Identified the +3 leather armour of the Furrier {rCorr}
 12131 | Gauntlet | Killed a minotaur
 12473 | D:12     | Noticed a two-headed ogre
 12486 | D:12     | Killed a two-headed ogre
 12487 | D:12     | Reached skill level 10 in Fighting
 12549 | D:12     | Noticed a two-headed ogre
 12588 | D:12     | Noticed a two-headed ogre
 12593 | D:12     | Killed a two-headed ogre
 12594 | D:12     | Reached skill level 10 in Shields
 12652 | D:12     | Identified the +1 glaive "Oggisa" {pain, ^Fragile rC+
                  | rCorr}
 12820 | D:12     | Killed a two-headed ogre
 13699 | D:13     | Found a frozen archway.
 13736 | IceCv    | Entered an ice cave
 13804 | IceCv    | Found a transporter.
 13833 | IceCv    | Found a transporter.
 14154 | D:13     | Noticed an entropy weaver
 14166 | D:13     | Killed an entropy weaver
 14167 | D:13     | Reached XP level 13. HP: 94/135 MP: 12/12
 15490 | D:14     | Found a gate to the Vaults.
 16340 | D:15     | Entered Level 15 of the Dungeon
 16420 | D:15     | Found Uxaipt's Magic Scroll Shop.
 16423 | D:15     | Bought a scroll of identify for 32 gold pieces
 16423 | D:15     | Bought a scroll of identify for 32 gold pieces
 16423 | D:15     | Bought a scroll of identify for 32 gold pieces
 16870 | D:15     | Noticed Roxanne
 16901 | D:15     | Noticed Rupert
 17024 | Lair:1   | Entered Level 1 of the Lair of Beasts
 17142 | Lair:1   | Reached XP level 14. HP: 132/146 MP: 13/13
 18325 | Lair:2   | Found a hole to the Spider Nest.
 18594 | Lair:2   | Received a gift from Trog
 19233 | Lair:3   | Noticed Nessos
 19244 | Lair:3   | Killed Nessos
 19449 | Lair:3   | Noticed Fannar
 19454 | Lair:3   | Killed Fannar
 19479 | Lair:3   | Noticed Snorg
 19490 | Lair:3   | Killed Snorg
 19537 | Lair:3   | Found a staircase to the Shoals.
 19605 | Lair:3   | Reached skill level 10 in Throwing
 20255 | Lair:4   | Paralysed by a hornet for 1 turns
 21048 | Lair:5   | Entered Level 5 of the Lair of Beasts
 21447 | Lair:5   | Reached XP level 15. HP: 158/158 MP: 14/14
 21477 | Lair:5   | Found a staircase to the Slime Pits.
 21477 | Lair:5   | Found a viscous altar of Jiyva.
 21568 | Lair:5   | Received a gift from Trog
 22064 | Lair:5   | Found a large runed translucent door.
 22065 | Lair:5   | Found a large runed translucent door.
 22785 | Lair:5   | Received a gift from Trog
 23358 | Orc:1    | Entered Level 1 of the Orcish Mines
 23458 | Orc:2    | Entered Level 2 of the Orcish Mines
 23579 | Orc:2    | Found Onayfaep's General Store.
 23992 | Orc:2    | Found a staircase to the Elven Halls.
 24006 | Orc:2    | Bought a scroll of identify for 28 gold pieces
 24066 | Orc:2    | Found Domacwut's Antique Armour Emporium.
 24209 | Orc:2    | Found Cofism's Book Boutique.
 24513 | Orc:2    | Found Vedilic's Antique Weapon Boutique.
 24700 | Orc:2    | Found a shimmering blue altar of Sif Muna.
 25090 | D:15     | Bought a scroll of enchant armour for 120 gold pieces
 25090 | D:15     | Bought 3 scrolls of enchant weapon for 360 gold pieces
 25230 | D:15     | Found a staircase to the Depths.
 25570 | D:15     | Killed Rupert
 26487 | D:3      | Paralysed by Grinder for 2 turns
 26489 | D:3      | Killed Grinder
 26860 | Shoals:1 | Entered Level 1 of the Shoals
 26865 | Shoals:1 | Reached XP level 16. HP: 170/170 MP: 15/15
 26943 | Shoals:1 | Found a runed translucent door.
 26946 | Shoals:1 | Found a corrupted altar of Lugonu.
 26948 | Shoals:1 | Found a one-way gate to the infinite horrors of the Abyss.
 27537 | Shoals:1 | Received a gift from Trog
 28181 | Shoals:2 | HP: 7/255 [harpy (6)]
 28181 | Shoals:2 | Slain by a harpy

Illustrated notes

Levels and vault maps discovered:
D:1:      lemuel_arrival_room, layout_rooms, minmay_worlds_worst_comb
D:2:      layout_basic, nrook_mini_vaults
D:3:      layout_basic, nicolae_overflow_squiral,
          ebering_ecumenical_altar_petrified, uniq_grinder
D:4:      cheibrodos_quashed, layout_loops_ring,
          mainiacjoe_overflow_six_doors_small, chequers_jeans
D:5:      layout_basic, minmay_temple_entry_tees, chequers_serial_rivers_marsh,
          nicolae_shop_i_like_small_books_too, uniq_pikel
D:6:      layout_basic, lemuel_coloured_pillars_altar,
          nicolae_overflow_crystal_walls, minmay_holes, lemuel_flame_loot_1,
          uniq_menkaure
D:7:      layout_cave_pools, enter_bailey_2, serial_shops,
          nicolae_shop_tiny_glass, worms_lemuel
D:8:      layout_basic
D:9:      layout_irregular_city, nicolae_qazlal_general_emergency,
          lemuel_mausoleum_altar_yredelemnul, uniq_amaemon
D:10:     layout_gridville
D:11:     layout_cave_pods, erik_lair_island, david_orc_5, minivault_5,
          xom_redecorated, uniq_gastronok
D:12:     kennysheep_six_static_rooms, layout_loops_cross,
          gauntlet_entry_generic
D:13:     layout_basic, portal_ice_cave_entry_pillars_2
D:14:     layout_basic, erik_vaults_2, infiniplex_staircase_river, drop_trap
D:15:     gammafunk_depths_entry_grave, layout_basic, abandoned_shop,
          serial_shops, nicolae_shop_real_fake_doors,
          nrook_guardian_serpent_double, uniq_roxanne, uniq_rupert
Lair:1:   minmay_lair_venomous_thicket, layout_chaotic_city, serial_forest,
          infiniplex_forest_end_3, infiniplex_forest_clump_small,
          infiniplex_forest_clump_double, infiniplex_forest_lined_4_way,
          infiniplex_forest_fountain, hibernation_bobbens
Lair:2:   layout_regular_city, nicolae_spider_entry_non_spiders,
          eino_small_chamber_without_monster
Lair:3:   layout_cave_shapes, elwin_shoals_entry_stream,
          grunt_forest_large_clearings, uniq_nessos, uniq_fannar, uniq_snorg
Lair:4:   layout_cave_pods, beast_lair_carwin_1
Lair:5:   cheibrodos_lair_end_hotspot, layout_long_grid,
          minmay_slime_entry_jelly_boxes, minivault_19, serial_bayou_shore_a
Shoals:1: cheibrodos_shoals_satyrical_garden, layout_shoals,
          nicolae_shoals_abyss_on_the_beach
Shoals:2: layout_shoals, nicolae_shoals_spring_well_temple
Orc:1:    layout_diamond_mine, basic_altar, nicolae_volcano_entry_vermiform,
          lightli_orcish_oven
Orc:2:    grunt_orc_gardens, layout_diamond_mine, grunt_orc_garden,
          grunt_orc_garden, grunt_orc_garden, grunt_orc_garden,
          kennysheep_orc_sif_temple

Skill      XL: |  1  2  3  4  5  6  7  8  9 10 11 12 13 14 15 16 |
---------------+-------------------------------------------------+-----
Maces & Flails | 3 4 5 6 8 9 10 11 12 13 14 | 14.7
Fighting       | 3 4 5 6 7 8 9 10 11 12 13 | 13.6
Dodging        | 3 |  3.0
Shields        | 1 2 3 5 6 8 9 10 11 12 13 14 | 14.1
Throwing       | 3 5 7 9 10 11 12 | 12.1

Action                     |  1- 3 |  4- 6 |  7- 9 | 10-12 | 13-15 | 16-18 || total
---------------------------+-------+-------+-------+-------+-------+-------++-------
  Melee: Mace              |    99 |   198 |    96 |   148 |       |       ||   541
         Punch             |       |     1 |       |       |       |       ||     1
         Whip              |       |       |   307 |       |       |       ||   307
         Trident           |       |       |     9 |    15 |       |       ||    24
         Flail             |       |       |       |   142 |   540 |       ||   682
         Demon whip        |       |       |       |   652 |   435 |       ||  1087
         Morningstar       |       |       |       |       |   412 |    69 ||   481
  Throw: Stone             |       |     9 |    31 |    11 |    37 |       ||    88
         Dart              |       |     2 |       |    55 |    24 |       ||    81
         Throwing net      |       |     2 |       |     1 |       |       ||     3
         Boomerang         |       |       |    77 |    22 |   147 |    85 ||   331
         Javelin           |       |       |       |     3 |     8 |       ||    11
         Large rock        |       |       |       |       |    50 |     3 ||    53
 Invoke: Berserk           |       |     6 |    10 |    13 |     9 |     1 ||    39
         Trog's Hand       |       |     2 |     2 |     1 |     1 |     2 ||     8
         Brothers in Arms  |       |       |       |     6 |     8 |       ||    14
  Evoke: Wand              |       |     1 |     8 |     2 |     3 |       ||    14
    Use: Potion            |       |     5 |       |     1 |       |       ||     6
         Scroll            |       |     5 |     3 |     9 |    12 |     8 ||    37
   Stab: Sleeping          |     1 |       |       |       |       |       ||     1
         Held in net/web   |       |       |       |     1 |       |       ||     1
 Armour: Animal skin       |    63 |   185 |   111 |       |       |       ||   359
         Robe              |       |       |   133 |   387 |   661 |   110 ||  1291
  Dodge: Dodged            |    52 |   118 |    97 |   256 |   468 |    40 ||  1031
  Block: Kite shield       |       |    27 |   118 |   555 |  1119 |   120 ||  1939
         Reflection        |       |       |       |    15 |    40 |    21 ||    76

Table legend: (Time is in decaauts)
 A = Elapsed time spent in this place.
 B = Non-inter-level travel time spent in this place.
 C = Inter-level travel time spent in this place.
 D = Time resting spent in this place.
 E = Time spent auto-exploring this place.
 F = Levels seen in this place.
 G = Mean time per level.
                   A        B        C        D        E       F      G
               +--------+--------+--------+--------+--------+-----+--------+
         Total |  28241 |  25914 |   2327 |   3326 |  12751 |  27 | 1046.0 |
       Dungeon |  17672 |  15850 |   1822 |   1965 |   8637 |  15 | 1178.1 |
          Lair |   6309 |   5892 |    417 |    570 |   2808 |   5 | 1261.8 |
        Shoals |   1185 |   1155 |     30 |    149 |    520 |   2 |  592.5 |
  Orcish Mines |   1617 |   1559 |     58 |    306 |    617 |   2 |  808.5 |
        Bailey |    801 |    801 |      0 |    155 |     50 |   1 |  801.0 |
      Ice Cave |    193 |    193 |      0 |     52 |      0 |   1 |  193.0 |
      Gauntlet |    462 |    462 |      0 |    128 |    119 |   1 |  462.0 |
               +--------+--------+--------+--------+--------+-----+--------+

Top non-repeatable levels by time:
     D:6: 1992 daAuts
  Lair:5: 1955 daAuts
    D:11: 1862 daAuts
    D:15: 1627 daAuts
    D:13: 1607 daAuts
    D:14: 1423 daAuts
  Lair:4: 1271 daAuts
     D:5: 1191 daAuts
     D:7: 1168 daAuts
Shoals:1: 1161 daAuts
    D:12: 1120 daAuts
  Lair:1: 1117 daAuts
     D:3: 1032 daAuts
     D:9: 1003 daAuts
  Lair:3: 995 daAuts
